 Dungeon Crawl Stone Soup version 0.18.1-48-g4cf74bf (webtiles) character file.

283 kobby the Chopper (level 6, -2/51 HPs)
             Began as a Hill Orc Gladiator on July 8, 2016.
             Was an Initiate of Okawaru.
             Slain by an adder (3 damage)
             ... on level 4 of the Dungeon.
             The game lasted 00:08:25 (2831 turns).

kobby the Chopper (Hill Orc Gladiator)              Turns: 2831, Time: 00:08:25

Health: -2/51      AC:  5    Str: 25    XL:     6   Next: 28%
Magic:  6/6        EV: 13    Int:  8    God:    Okawaru [......]
Gold:   186        SH:  0    Dex: 11    Spells: 0 memorised, 5 levels left

rFire  . . .     SeeInvis .     a - +1 war axe
rCold  . . .     Gourm    .     b - +0 leather armour
rNeg   . . .     Faith    .     (no shield)
rPois  .         Spirit   .     c - +0 helmet
rElec  .         Dismiss  .     p - +0 cloak
rCorr  .         Reflect  .     (no gloves)
SustAt .         Harm     .     (no boots)
MR     .....                    (no amulet)
Stlth  +.........               (no ring)
                                (no ring)

@: mighty, lethally poisoned (-2 -> -4), flying, not resistant to hostile
enchantments, very unstealthy
A: no striking features
a: Renounce Religion


You were on level 4 of the Dungeon.
You worshipped Okawaru.
Okawaru was noncommittal.
You were not hungry.

You visited 1 branch of the dungeon, and saw 4 of its levels.

You collected 186 gold pieces.

Inventory:

Hand Weapons
 a - a +1 war axe (weapon)
Missiles
 d - 5 throwing nets (quivered)
 h - 5 poisoned tomahawks
Armour
 b - a +0 leather armour (worn)
 c - a +0 helmet (worn)
 p - a +0 cloak (worn)
Jewellery
 i - an uncursed ring of protection from fire {unknown}
Scrolls
 k - 2 scrolls of teleportation {unknown}
 l - 3 scrolls of identify {unknown}
 n - a scroll of noise {unknown}
 q - a scroll of remove curse {unknown}
 s - a scroll of blinking {unknown}
Potions
 g - a potion of mutation {unknown}
 o - a potion of curing {unknown}
 r - a potion of flight
 t - a potion of might
Comestibles
 f - a bread ration
 j - 5 fruits
 m - a beef jerky
 u - a meat ration


   Skills:
 + Level 3.6 Fighting
 + Level 5.9 Axes
 + Level 2.0 Throwing
 + Level 2.6 Armour
 + Level 3.6 Dodging
 + Level 0.6 Stealth


You had 5 spell levels left.
You didn't know any spells.

Dungeon Overview and Level Annotations

Branches:
Dungeon (4/15)
 Temple: D:4-7

Altars:
Fedhas
Nemelex Xobeh
Okawaru
Qazlal
Trog
The Shining One

Annotations:
D:4 kobby's ghost, amateur HuFi


Message History

Kobby's ghost hits you!
* * * LOW HITPOINT WARNING * * *
Drink which item? (? for menu, Esc to quit)
It was a potion of flight.
You feel very buoyant.
You fly up into the air.
The adder closely misses you. Kobby's ghost barely misses you.
Drink which item? (? for menu, Esc to quit)
It was a potion of might.
You feel very mighty all of a sudden. The adder bites you.
* * * LOW HITPOINT WARNING * * *
You are poisoned.
The adder poisons you! Kobby's ghost hits you!
* * * LOW HITPOINT WARNING * * *
Drink which item? (? for menu, Esc to quit)
It was a potion of magic.
Magic courses through your body.
* * * LOW HITPOINT WARNING * * *
You feel sick. The adder bites you.
You die...

..###### ........
....... ##########
....... ...<....#.
#.############.........
.............#.#..... #
#....... ....%.... ...
######### #.#.#S##.....
........# #....@W......
#######.# #..._...#####
......#.# #.#...#.....
####.##.# #.###.######
#.##.####.# #...
#.##......# #####
#................
#################


You could see kobby's ghost and an adder.

Vanquished Creatures
  The ghost of Aquadorian the Shooter, an amateur CeAM of Ashenzari (D:3)
  Ijyb (D:2)
  4 gnolls (D:3)
  5 adders (D:2)
  An adder skeleton (D:4)
  4 worms
  3 giant geckos (D:1)
  7 orcs (D:3)
  3 giant cockroaches
  10 hobgoblins
  7 jackals
  2 quokkas
  7 bats
  4 giant newts (D:3)
  2 goblins
  5 kobolds
  8 rats
74 creatures vanquished.

Notes
Turn   | Place    | Note
--------------------------------------------------------------
     0 | D:1      | kobby the Hill Orc Gladiator began the quest for the Orb.
     0 | D:1      | Reached XP level 1. HP: 18/18 MP: 1/1
    34 | D:1      | Found an iron altar of Okawaru.
    52 | D:1      | Became a worshipper of Warmaster Okawaru
    88 | D:1      | Reached XP level 2. HP: 10/25 MP: 2/2
   670 | D:2      | Reached XP level 3. HP: 30/30 MP: 3/3
   802 | D:2      | Noticed Ijyb
   816 | D:2      | Killed Ijyb
   816 | D:2      | Reached skill level 5 in Axes
   816 | D:2      | Reached XP level 4. HP: 32/37 MP: 4/4
  1160 | D:2      | Reached skill level 1 in Armour
  1458 | D:2      | Reached XP level 5. HP: 39/45 MP: 5/5
  1515 | D:2      | Found a sparkling altar of Nemelex Xobeh.
  1515 | D:2      | Found a stormy altar of Qazlal.
  1524 | D:2      | Found a blossoming altar of Fedhas.
  1822 | D:3      | Found a stormy altar of Qazlal.
  1954 | D:3      | Found a faded altar to an unknown god.
  1971 | D:3      | Noticed Aquadorian's ghost (amateur CeAM)
  1988 | D:3      | Killed Aquadorian's ghost
  2269 | D:3      | Reached XP level 6. HP: 46/51 MP: 6/6
  2446 | D:3      | Found a glowing golden altar of the Shining One.
  2813 | D:4      | Found a bloodstained altar of Trog.
  2815 | D:4      | Noticed kobby's ghost (amateur HuFi)
  2830 | D:4      | HP: 2/51 [kobby's ghost (10)]
  2831 | D:4      | Slain by an adder

Skill      XL: |  1  2  3  4  5 |
---------------+----------------+-----
Axes           | 5 |  5.9
Throwing       | 2 |  2.0
Dodging        | 3 |  3.6
Armour         | 1 2 |  2.6
Fighting       | 3 |  3.6
Stealth        | |  0.6

Action                   |  1- 3 |  4- 6 || total
-------------------------+-------+-------++-------
Melee: War axe           |    68 |   174 ||   242
  Use: Scroll            |     2 |       ||     2
       Potion            |       |     3 ||     3
  Eat: Fruit             |       |    11 ||    11
Armor: Leather armour    |    20 |    55 ||    75
Dodge: Dodged            |    48 |   142 ||   190
